 Dungeon Crawl Stone Soup version 0.21-a0-233-g0929f2e (webtiles) character file.

89 Chiseanne the Sneak (level 4, 0/22 HPs)
             Began as a Spriggan Warper on Sept 2, 2017.
             Killed from afar by a steam dragon (17 damage)
             ... with a ball of steam
             ... on level 4 of the Dungeon.
             The game lasted 00:08:05 (2009 turns).

Chiseanne the Sneak (Spriggan Warper)               Turns: 2009, Time: 00:08:06

Health: 0/22       AC:  3    Str: 12    XL:     4   Next: 31%
Magic:  9/9        EV: 19    Int: 15    God:
Gold:   57         SH:  0    Dex: 15    Spells: 1/8 levels left

rFire    . . .     SeeInvis +   a - +1 short sword
rCold    . . .     Gourm    .   (shield restricted)
rNeg     . . .     Faith    .   b - +1 robe
rPois    .         Spirit   .   (helmet restricted)
rElec    .         Reflect  .   (no cloak)
rCorr    .         Harm     .   (gloves unavailable)
MR       .....                  (boots unavailable)
Stlth    +++.......             (no amulet)
HPRegen  0.07/turn              o - ring of wizardry
MPRegen  0.11/turn              (no ring)

@: mighty, very quick
A: unfitting armour, see invisible, herbivore 3, speed 3, slow metabolism 2
a: no special abilities


You were on level 4 of the Dungeon.
You were not hungry.

You visited 1 branch of the dungeon, and saw 4 of its levels.

You collected 57 gold pieces.

Inventory:

Hand Weapons
 a - a +1 short sword (weapon)
 i - a +2 hand axe of freezing
Missiles
 e - 5 tomahawks of dispersal (quivered)
 k - 81 stones
 l - 6 bolts
 q - 29 sling bullets
Armour
 b - a +1 robe (worn)
Jewellery
 o - a ring of wizardry (left hand)
Wands
 h - a wand of confusion (28/48)
Scrolls
 d - 2 scrolls of blinking
Potions
 g - a potion of curing
 j - a potion of heal wounds
 m - a potion of agility {unknown}
Books
 c - a book of Spatial Translocations

   Spells                             Type                      Level
   a - Blink                          Translocation                2
   b - Shroud of Golubria             Charms/Translocation         2
   c - Lesser Beckoning               Translocation                3
   d - Gell's Gravitas                Translocation                3
   e - Teleport Other                 Translocation                3
   f - Passage of Golubria            Translocation                4
Comestibles
 f - 3 bread rations


   Skills:
 - Level 1.5 Fighting
 + Level 2.9 Short Blades
 - Level 1.0 Throwing
 + Level 4.3 Dodging
 * Level 5.0 Stealth
 - Level 2.6 Spellcasting
 - Level 4.4 Translocations


You had one spell level left.
You knew the following spells:

 Your Spells              Type           Power        Failure   Level  Hunger
a - Blink                 Tloc           N/A          1%          2    ##.....
b - Shroud of Golubria    Chrm/Tloc      #.........   5%          2    ##.....
c - Teleport Other        Tloc           ###.....     4%          3    ###....


Dungeon Overview and Level Annotations

Branches:
Dungeon (4/15)
 Temple: D:4-7

Altars:
Nemelex Xobeh


Innate Abilities, Weirdness & Mutations

You are very small and have problems with some larger weapons.
You are too small for most types of armour.
You have supernaturally acute eyesight. (SInv)
You are a herbivore.
You cover ground extremely quickly.
You need consume almost no food.


Message History

Okay, then.
You now have 57 gold pieces (gained 3).
Put on which piece of jewellery? (? for menu, Esc to quit)
n - a ring of see invisible (right hand) Drop what? 17/52 slots (_ for help) (? for menu, Esc to quit)
You remove your ring of see invisible.
You drop an uncursed ring of see invisible.
A steam dragon comes into view.
You see here an uncursed ring of see invisible.
You feel very mighty all of a sudden.
The helpless steam dragon fails to defend itself.
You impale the steam dragon!!
The steam dragon is severely wounded.
The steam dragon closely misses you. The steam dragon claws you.
You barely miss the steam dragon.
The steam dragon is severely wounded.
The steam dragon breathes steam at you. The ball of steam hits you!
Ouch! That really hurt!
You die...

### #.# #### #.# #.#
###..# #.###.## #.#.D##
#.##...# #..@.###
##.##...### #......##
##.........###..........
........................
.......................#
##.......=..............
#......................
##...######..........###
##..## ##.........#


You could see a steam dragon.

Vanquished Creatures
  Natasha (D:3)
  2 adders
  An ooze (D:1)
  A leopard gecko (D:1)
  5 bats
  A giant cockroach (D:2)
  4 goblins
  3 hobgoblins
  9 jackals
  4 frilled lizards
  4 kobolds
  4 rats (D:1)
39 creatures vanquished.

Notes
Turn   | Place    | Note
-------+----------+-------------------------------------------
     0 | D:1      | Chiseanne the Spriggan Warper began the quest for the Orb.
     0 | D:1      | Reached XP level 1. HP: 10/10 MP: 5/5
    51 | D:1      | Reached skill level 1 in Stealth
   314 | D:1      | Reached skill level 2 in Stealth
   322 | D:1      | Reached XP level 2. HP: 14/14 MP: 6/6
   668 | D:1      | Learned a level 2 spell: Blink
   671 | D:1      | Learned a level 2 spell: Shroud of Golubria
   779 | D:1      | Reached skill level 3 in Stealth
  1079 | D:1      | Reached XP level 3. HP: 14/18 MP: 8/8
  1409 | D:3      | Learned a level 3 spell: Teleport Other
  1471 | D:3      | Reached skill level 4 in Stealth
  1537 | D:3      | Found a sparkling altar of Nemelex Xobeh.
  1616 | D:3      | Noticed Natasha
  1625 | D:3      | Killed Natasha
  1625 | D:3      | Reached XP level 4. HP: 11/22 MP: 9/9
  1691 | D:3      | Reached skill level 5 in Stealth
  1997 | D:4      | Noticed a steam dragon
  2009 | D:4      | Killed from afar by a steam dragon

Vault maps used:
D:1:      saegor_arrival_simple_b
D:2:      uniq_jessica
D:3:      first_bread, nemelex_diamond_rough_becter, uniq_natasha, uniq_robin
D:4:      uniq_crazy_yiuf_cottage

Skill      XL: |  1  2  3  4 |
---------------+-------------+-----
Stealth        | 2 3 4 5 |  5.0
Dodging        | 4 |  4.3
Fighting       | |  1.5
Short Blades   | |  2.9
Throwing       | |  1.0
Spellcasting   | |  2.6
Translocations | |  4.4

Action                   |  1- 3 |  4- 6 || total
-------------------------+-------+-------++-------
Melee: Short sword       |   175 |     9 ||   184
Evoke: Wand              |     2 |     3 ||     5
  Use: Scroll            |    15 |     1 ||    16
       Potion            |     1 |     1 ||     2
 Stab: Sleeping          |     4 |     1 ||     5
       Confused          |       |     1 ||     1
Armor: Robe              |    15 |       ||    15
Dodge: Dodged            |   155 |     3 ||   158

Table legend:
 A = Spawn XP
 B = Non-spawn XP
 C = Spawn XP percentage of total XP
 D = Spawn monster count
 E = Non-spawn monster count
 F = Spawn count percentage of total count
 G = Total turns spent on level
                    A         B        C        D         E        F      G
               +---------+---------+-------+---------+---------+-------+---------
         Total |      20 |     108 |  15.6 |       2 |      37 |   5.1 |  2009
               +---------+---------+-------+---------+---------+-------+---------
           D:1 |       7 |      35 |  16.7 |       1 |      21 |   4.5 |  1210
           D:2 |       0 |      17 |   0.0 |       0 |       3 |   0.0 |   170
           D:3 |      13 |      56 |  18.8 |       1 |      13 |   7.1 |   564
               +---------+---------+-------+---------+---------+-------+---------
